 Dungeon Crawl Stone Soup version 0.29.1-15-g9cfb28693d (webtiles) character file.

Game seed: 1476421544792103438

38 Heoruswealwe the Magician (level 3, 19/19 HPs)
             Began as a Deep Elf Earth Elementalist on Apr 13, 2023.
             Was a Follower of Makhleb.
             Got out of the dungeon alive.
             The game lasted 00:05:07 (629 turns).

Heoruswealwe the Magician (DEEE)                     Turns: 629, Time: 00:05:08

Health: 19/19      AC:  3    Str:  5    XL:     3   Next: 25%
Magic:  10/10      EV: 12    Int: 21    God:    Makhleb [*.....]
Gold:   64         SH:  0    Dex: 15    Spells: 7/10 levels left

rFire   . . .      SeeInvis .   (no weapon)
rCold   . . .      Faith    .   (no shield)
rNeg    . . .      Spirit   .   a - +0 robe
rPois   .          Reflect  .   (no helmet)
rElec   .          Harm     .   (no cloak)
rCorr   .          Rampage  .   (no gloves)
Will    .....                   c - +0 pair of boots
Stlth   ++........              (no amulet)
HPRegen 0.06/turn               (no ring)
MPRegen 0.12/turn               (no ring)

@: no status effects
A: no striking features
a: Renounce Religion


You escaped.
You worshipped Makhleb.
Makhleb was aware of your devotion.
You visited 1 branch of the dungeon, and saw 1 of its levels.

You collected 64 gold pieces.

Inventory:

Armour
 a - a +0 robe (worn)
 c - a +0 pair of boots (worn)
Scrolls
 e - 2 scrolls of enchant weapon
Potions
 b - a potion of magic


   Skills:
 - Level 2.4 Dodging
 - Level 2.4 Stealth
 + Level 4.2 Spellcasting
 - Level 1.1 Transmutations
 + Level 4.1 Earth Magic


You had 7 spell levels left.
You knew the following spells:

 Your Spells              Type           Power      Damage    Failure   Level
a - Sandblast             Erth           42%        2d11      2%          1
z - Passwall              Tmut/Erth      12%        N/A       6%          2

Your spell library contained the following spells:

 Spells                   Type           Power      Damage    Failure   Level
 Stone Arrow              Conj/Erth      26%        3d8       16%         3
 Petrify                  Tmut/Erth      15%        N/A       36%         4


Dungeon Overview and Level Annotations

Branches:
Dungeon (1/15)

Altars:
Makhleb


Message History

Press: ? - help, Dir - move target
As you read the scroll labelled QUJ EPPOMONEH, it crumbles to dust.
It was a scroll of blinking.
As you read the scroll labelled SOUMAR DE JUEPP, it crumbles to dust.
You feel strangely unstable.
It was a scroll of teleportation.
Your surroundings suddenly seem different.
As you read the scroll labelled LUDGHI PEZOUJI, it crumbles to dust.
The air around you briefly surges with heat, but it dissipates.
It was a scroll of immolation.
It was a potion of curing.
You feel better.
It was a potion of attraction.
You feel attractive to monsters.
A bat comes into view.
The bat is attracted toward you. The bat is attracted toward you.
The blast of sand hits the bat!
You kill the bat!
Makhleb accepts your kill.
A kobold comes into view. It is wielding a +0 dagger.
The kobold is attracted toward you.
The blast of sand hits the kobold!
You kill the kobold!
Makhleb accepts your kill.
You feel less attractive to monsters.
You see here a +0 dagger.
Found a scroll labelled VALEYLACSAJUE.
Found 3 scrolls labelled LUPEDUOD ZAWEDD.
d - a scroll labelled VALEYLACSAJUE
e - 3 scrolls labelled LUPEDUOD ZAWEDD
As you read the scroll labelled LUPEDUOD ZAWEDD, it crumbles to dust.
It is a scroll of enchant weapon.
You aren't carrying any weapons that can be enchanted.
As you read the scroll labelled VALEYLACSAJUE, it crumbles to dust.
It is a scroll of brand weapon.
You aren't carrying any weapons that can be branded.
There is an open door here.
There is a staircase leading out of the dungeon here.
There is a staircase leading out of the dungeon here.
Are you sure you want to leave the Dungeon?
This will make you lose the game!
You have escaped!

..# #...#...............#.#
..###.###.#############.#.#
....#.###.#...........#.#.#
........#.#.####.####.#...#
..###.....#.#.......#.#.#.#
#...#.#.#.#.#.#####.#.#.#.#
..#...).#.#.#.#...#.#.#.#.#
..#.....#.#.#.#...#.#.#.#.#
........#.'.#.#.@...#.'.#.#
........#.#.#.#...#.#.#.#.#
........#.#.#.#...#.#.#.#.#
........#.#.#.#####.#.#.#.#
........#.#.#.......#.#...#
..........#.####.####.#.###
#.......#.#...........#.#
........#.#############.#
.#......#...............#


There were no monsters in sight!

Vanquished Creatures
  A dart slug (D:1)
  6 endoplasms (D:1)
  3 giant cockroaches (D:1)
  3 goblins (D:1)
  3 hobgoblins (D:1)
  3 quokkas (D:1)
  A ball python (D:1)
  5 bats (D:1)
  A frilled lizard (D:1)
  3 kobolds (D:1)
  2 rats (D:1)
31 creatures vanquished.

Notes
Turn   | Place    | Note
-------+----------+-------------------------------------------
     0 | D:1      | Heoruswealwe the Deep Elf Earth Elementalist began the
                  | quest for the Orb.
     0 | D:1      | Reached XP level 1. HP: 10/10 MP: 6/6
   153 | D:1      | Reached XP level 2. HP: 15/15 MP: 3/8
   265 | D:1      | Found a faded altar of an unknown god.
   270 | D:1      | Prayed at the altar of an unknown god.
   270 | D:1      | Became a worshipper of Makhleb the Destroyer
   270 | D:1      | Reached * piety under Makhleb
   368 | D:1      | Reached XP level 3. HP: 19/19 MP: 5/10
   371 | D:1      | Learned a level 2 spell: Passwall
   629 | D:$      | Got out of the dungeon alive.

Illustrated notes

Levels and vault maps discovered:
D:1:      matt_arrival_refuge, layout_rooms, ebering_ecumenical_altar_hall

Skill      XL: |  1  2 |
---------------+-------+-----
Spellcasting   | 4 |  4.2
Earth Magic    | 4 |  4.1
Dodging        | |  2.4
Stealth        | |  2.4
Transmutations | |  1.1

Action                   || total
-------------------------++-------
 Cast: Sandblast         ||    42
  Use: Scroll            ||     5
       Potion            ||     2
Dodge: Dodged            ||     6
